 Dungeon Crawl Stone Soup version 0.26-a0-597-gb535b0901c (webtiles) character file.

Game seed: 11559211066116655591

93 Lanoc the Poker (level 4, -3/37 HPs)
             Began as a Merfolk Abyssal Knight on Sept 5, 2020.
             Was a Follower of Lugonu.
             Slain by an iguana (11 damage)
             ... on level 4 of the Dungeon.
             The game lasted 00:02:15 (1797 turns).

Lanoc the Poker (Merfolk Abyssal Knight)            Turns: 1797, Time: 00:02:15

Health: -3/37      AC:  4    Str: 12    XL:     4   Next: 62%
Magic:  5/5        EV: 13    Int: 11    God:    Lugonu [*.....]
Gold:   160        SH:  0    Dex: 14    Spells: 3/3 levels left

rFire    . . .     SeeInvis .   a - +1 spear
rCold    . . .     Faith    .   (no shield)
rNeg     . . .     Spirit   .   b - +0 leather armour
rPois    .         Reflect  .   (no helmet)
rElec    .         Harm     .   (no cloak)
rCorr    .                      (no gloves)
MR       .....                  c - +0 pair of boots
Stlth    +.........             (no amulet)
HPRegen  0.12/turn              (no ring)
MPRegen  0.09/turn              (no ring)

@: no status effects
A: change form in water, swift swim, stealthy swim
a: Depart the Abyss, Renounce Religion


You were on level 4 of the Dungeon.
You worshipped Lugonu.
Lugonu was aware of your devotion.
You visited 1 branch of the dungeon, and saw 4 of its levels.
You visited the Abyss 1 time.

You collected 160 gold pieces.

Inventory:

Hand Weapons
 a - a +1 spear (weapon)
Armour
 b - a +0 leather armour (worn)
 c - a +0 pair of boots (worn)
Scrolls
 d - 2 scrolls of fear {unknown}
 f - a scroll of amnesia {unknown}
Potions
 e - 3 potions of stabbing {unknown}
 g - a potion of lignification {unknown}
 h - a potion of heal wounds {unknown}


   Skills:
 + Level 3.8 Fighting
 * Level 4.6 Polearms
 + Level 1.3 Armour
 + Level 3.5 Dodging
 + Level 2.6 Invocations


You had 3 spell levels left.
You didn't know any spells.
Your spell library was empty.

Dungeon Overview and Level Annotations

Branches:
Dungeon (4/15)             Temple (0/1) D:4

Altars:
Hepliaklqana
Makhleb


Message History

The iguana is severely wounded.
The iguana barely misses you.
You barely miss the iguana.
The iguana is severely wounded.
The iguana bites you but does no damage.
You hit the iguana.
The iguana is almost dead.
The iguana closely misses you.
You barely miss the iguana.
The iguana is almost dead.
The iguana closely misses you.
You hit the iguana but do no damage.
The iguana is almost dead.
You hit the iguana but do no damage.
The iguana is almost dead.
The iguana barely misses you.
You closely miss the iguana.
The iguana is almost dead.
The iguana bites you!
You die...

####### ##........#
####..8.8.8..########
#......⌠.⌠...........
#.....8.>.8........#
#......⌠.⌠....<....###
#.....8.8.8.##.......#
#...........l@...###.###
#............##......#.##
#....$..###..#####......##
#.......#
#......###.....#####
#.......#
####................
#.......#
##.###...........
#####.### #..#............
#. ................ #.
.###..##.###.....


You could see an iguana.

Vanquished Creatures
  5 adders
  An adder skeleton (D:4)
  A dart slug (D:1)
  4 leopard geckos
  An orc (D:4)
  3 bats (D:3)
  A giant cockroach (D:1)
  2 hobgoblins
  4 jackals (D:4)
  3 quokkas
  5 frilled lizards
  7 kobolds
  A quokka skeleton (D:4)
  2 rats (D:1)
40 creatures vanquished.

Notes
Turn   | Place    | Note
-------+----------+-------------------------------------------
     0 | Abyss:1  | Lanoc the Merfolk Abyssal Knight began the quest for the
                  | Orb.
     0 | Abyss:1  | Reached XP level 1. HP: 18/18 MP: 2/2
     3 | Abyss:1  | Found a corrupted altar of Lugonu.
    22 | Abyss:2  | Noticed a small abomination
    39 | D:1      | Escaped the Abyss
   141 | D:1      | Reached XP level 2. HP: 19/24 MP: 3/3
   555 | D:3      | Reached skill level 1 in Armour
   555 | D:3      | Reached XP level 3. HP: 20/29 MP: 4/4
   755 | D:3      | Reached * piety under Lugonu
   755 | D:3      | Reached skill level 4 in Polearms
  1335 | D:3      | Found a burning altar of Makhleb.
  1386 | D:4      | Reached XP level 4. HP: 37/37 MP: 5/5
  1427 | D:4      | Found a hazy altar of Hepliaklqana.
  1759 | D:4      | Found a staircase to the Ecumenical Temple.
  1797 | D:4      | Slain by an iguana

Illustrated notes

Levels and vault maps discovered:
D:1:      onia_arrival_pyramid, layout_loops_cross, hex_medium,
          minmay_stone_trees_small, hangedman_abyss_or_decor_lesser_grid,
          evilmike_ruin_ashenzari
D:2:      layout_loops_ring
D:3:      layout_rooms, lemuel_crystal_altar, chequers_avenue
D:4:      minmay_chambers_of_twos, layout_rooms, lemuel_doored_altar,
          zin_scriptorium, minmay_temple_entry_statues_fountains,
          gammafunk_ghost_necromancy, tgw_xom

Skill      XL: |  1  2  3 |
---------------+----------+-----
Dodging        | 3 |  3.5
Armour         | 1 |  1.3
Polearms       | 4 |  4.6
Fighting       | |  3.8
Invocations    | |  2.6

Action                   |  1- 3 |  4- 6 || total
-------------------------+-------+-------++-------
Melee: Spear             |   122 |    82 ||   204
Invok: Depart the Abyss  |     1 |       ||     1
 Stab: Sleeping          |     1 |     1 ||     2
Armor: Leather armour    |    37 |    21 ||    58
Dodge: Dodged            |    76 |    54 ||   130

Table legend: (Time is in decaauts)
 A = Elapsed time spent in this place.
 B = Non-inter-level travel time spent in this place.
 C = Inter-level travel time spent in this place.
 D = Time resting spent in this place.
 E = Time spent auto-exploring this place.
 F = Levels seen in this place.
 G = Mean time per level.
                   A        B        C        D        E       F      G
               +--------+--------+--------+--------+--------+-----+--------+
         Total |   1775 |   1774 |      1 |    241 |   1192 |   6 |  295.8 |
       Dungeon |   1736 |   1735 |      1 |    241 |   1178 |   4 |  434.0 |
         Abyss |     38 |     38 |      0 |      0 |     14 |   2 |   19.0 |
               +--------+--------+--------+--------+--------+-----+--------+

Top non-repeatable levels by time:
     D:3: 888 daAuts
     D:4: 404 daAuts
     D:1: 357 daAuts
     D:2: 87 daAuts
 Abyss:2: 25 daAuts
 Abyss:1: 13 daAuts
